 Dungeon Crawl Stone Soup version 0.24-b1-44-g37ad8b309f (webtiles) character file.

Game seed: 16315066061507760710, levelgen mode: deterministic

203 Mrkan the Slasher (level 5, -2/33 HPs)
             Began as a Tengu Fighter on Oct 24, 2019.
             Killed by divine providence
             ... invoked by an orc priest
              (12 damage)
             ... on level 3 of the Dungeon.
             The game lasted 00:04:01 (1761 turns).

Mrkan the Slasher (Tengu Fighter)                   Turns: 1761, Time: 00:04:02

Health: -2/33      AC:  6    Str: 17    XL:     5   Next: 81%
Magic:  6/6        EV:  7    Int:  8    God:
Gold:   136        SH:  9    Dex: 14    Spells: 4/4 levels left

rFire    . . .     SeeInvis .   a - +0 long sword
rCold    . . .     Gourm    .   c - +0 shield
rNeg     . . .     Faith    .   b - +0 scale mail
rPois    .         Spirit   .   (helmet restricted)
rElec    .         Reflect  .   (no cloak)
rCorr    .         Harm     .   (no gloves)
MR       .....                  (boots unavailable)
Stlth    ..........             (no amulet)
HPRegen  0.11/turn              (no ring)
MPRegen  0.10/turn              (no ring)

@: no status effects
A: beak, talons 3, able to fly
a: Fly


You were on level 3 of the Dungeon.
You were not hungry.

You visited 1 branch of the dungeon, and saw 3 of its levels.

You collected 136 gold pieces.

Inventory:

Hand Weapons
 a - a +0 long sword (weapon)
Missiles
 m - 4 javelins (quivered)
 n - 18 poisoned darts
 o - 71 stones
Armour
 b - a +0 scale mail (worn)
 c - a +0 shield (worn)
 w - a +0 pair of boots
Jewellery
 q - an uncursed ring of protection from magic {unknown}
Scrolls
 g - a scroll of magic mapping {unknown}
 h - a scroll of teleportation {unknown}
 i - 2 scrolls of noise {unknown}
 l - a scroll of fog {unknown}
 p - 5 scrolls of identify {unknown}
 s - a scroll of enchant weapon {unknown}
 t - 4 scrolls of enchant armour {unknown}
Potions
 d - 2 potions of might
 e - 2 potions of curing {unknown}
 j - a potion of lignification {unknown}
 k - a potion of degeneration {unknown}
 r - a potion of heal wounds {unknown}
 v - a potion of agility {unknown}
 x - a potion of haste {unknown}
Comestibles
 f - 5 rations
 u - 6 chunks of flesh


   Skills:
 + Level 4.0 Fighting
 * Level 4.8 Long Blades
 - Level 3.2 Armour
 + Level 4.0 Shields


You had 4 spell levels left.
You didn't know any spells.
Your spell library was empty.

Dungeon Overview and Level Annotations

Branches:
Dungeon (3/15)

Altars:
Gozag


Innate Abilities, Weirdness & Mutations

You have a beak for a mouth.
You have claws for feet.
You can fly continuously.


Message History

You kill the orc!
The orc hits you but does no damage.
You closely miss the orc. Your kick misses the orc.
The orc completely misses you.
You riposte.
You closely miss the orc. You slash the orc!
You kill the orc!
The orc priest calls down the wrath of Beogh upon you.
Beogh smites you!
You hit the orc.
The orc is moderately wounded.
You block the orc's attack.
You slash the orc!
You kill the orc!
The orc priest invokes the aid of Beogh against you.
Pain shoots through your body!
You closely miss the orc priest. You claw the orc priest.
The orc priest is lightly wounded.
The orc priest mumbles some strange prayers to Beogh against you.
Beogh smites you!
You die...

#.#
#.#.#.##
#####.#
##.##.##.##
#.....#
#.#...###.#
#.#####
##..####.##
#.#
#.###.##
#.# #..#.##
#.# #.#.##
#.#
#.######
#.#
#.@o...#
####.#
####.#....
.....# .. #
###### ##
## .# .#


You could see an orc priest.

Vanquished Creatures
  An orc priest (D:3)
  A gnoll (D:1)
  7 adders
  An ooze (D:1)
  4 worms (D:2)
  A dart slug (D:3)
  3 leopard geckos
  6 orcs (D:3)
  2 giant cockroaches (D:2)
  9 hobgoblins
  5 jackals
  A quokka (D:2)
  12 bats
  4 frilled lizards
  5 goblins
  8 kobolds
  10 rats
80 creatures vanquished.

Notes
Turn   | Place    | Note
-------+----------+-------------------------------------------
     0 | D:1      | Mrkan the Tengu Fighter began the quest for the Orb.
     0 | D:1      | Reached XP level 1. HP: 14/14 MP: 2/2
   127 | D:1      | Reached XP level 2. HP: 16/19 MP: 3/3
   206 | D:1      | Reached XP level 3. HP: 14/23 MP: 4/4
   300 | D:1      | HP: 1/23 [rat (2)]
   857 | D:2      | Found a faded altar of an unknown god.
   932 | D:2      | Reached XP level 4. HP: 28/28 MP: 5/5
  1280 | D:2      | Gained mutation: You can fly continuously. [Tengu growth]
  1280 | D:2      | Reached XP level 5. HP: 16/33 MP: 6/6
  1723 | D:3      | Found an opulent altar of Gozag.
  1761 | D:3      | Killed from afar by an orc priest

Skill      XL: |  1  2  3  4  5 |
---------------+----------------+-----
Long Blades    | 3 4 |  4.8
Fighting       | 4 |  4.0
Shields        | 4 |  4.0
Armour         | |  3.2

Action                   |  1- 3 |  4- 6 || total
-------------------------+-------+-------++-------
Melee: Long sword        |    95 |   103 ||   198
       Kick              |    21 |    28 ||    49
       Peck              |    17 |    18 ||    35
  Eat: Chunk             |       |     3 ||     3
Armor: Scale mail        |    61 |    45 ||   106
Dodge: Dodged            |    38 |    31 ||    69
Block: Shield            |    71 |    50 ||   121
       Rpst.: Long sword |    11 |    11 ||    22
